 Dungeon Crawl Stone Soup version 0.22-a0-467-g5c5de1c (webtiles) character file.

214 tilp the Chiller (level 5, -2/41 HPs)
             Began as a Merfolk Ice Elementalist on June 10, 2018.
             Slain by a gnoll
             ... wielding a +0 flail
              (5 damage)
             ... on level 3 of the Dungeon.
             The game lasted 00:05:34 (2264 turns).

tilp the Chiller (Merfolk Ice Elementalist)         Turns: 2264, Time: 00:05:35

Health: -2/41      AC:  3    Str:  8    XL:     5   Next: 91%
Magic:  1/8        EV: 13    Int: 15    God:
Gold:   92         SH:  0    Dex: 15    Spells: 2/8 levels left

rFire    . . .     SeeInvis .   g - +2 dagger (venom)
rCold    . . .     Gourm    .   (no shield)
rNeg     . . .     Faith    .   a - +0 robe
rPois    .         Spirit   .   (no helmet)
rElec    .         Reflect  .   (no cloak)
rCorr    .         Harm     .   t - +0 pair of gloves
MR       .....                  (no boots)
Stlth    ++........             (no amulet)
HPRegen  0.13/turn              (no ring)
MPRegen  0.11/turn              (no ring)

@: no status effects
A: change form in water, swift swim, stealthy swim
a: no special abilities


You were on level 3 of the Dungeon.
You were not hungry.

You visited 1 branch of the dungeon, and saw 3 of its levels.

You collected 92 gold pieces.

Inventory:

Hand Weapons
 g - a +2 dagger of venom (weapon)
 i - a cursed -3 hunting sling
 j - a +0 spear
 v - a cursed -1 dagger
 w - a +1 dagger of draining
Missiles
 d - 4 tomahawks (quivered)
 n - 62 stones
Armour
 a - a +0 robe (worn)
 t - a +0 pair of gloves (worn)
Jewellery
 k - an uncursed ring of resist corrosion {unknown}
 o - an uncursed ring of protection from fire {unknown}
 y - an uncursed ring of poison resistance {unknown}
Scrolls
 b - 2 scrolls of enchant armour {unknown}
 e - a scroll of blinking
 f - a scroll of fog
 h - 2 scrolls of teleportation {unknown}
 l - a scroll of identify {unknown}
 x - a scroll of remove curse {unknown}
Potions
 m - a potion of invisibility {unknown}
 p - a potion of ambrosia {unknown}
 r - a potion of might {unknown}
 s - a potion of berserk rage {unknown}
 u - a potion of heal wounds {unknown}
 z - a potion of cancellation {unknown}
Comestibles
 c - 6 rations


   Skills:
 + Level 3.0 Fighting
 - Level 2.6 Dodging
 - Level 2.1 Stealth
 - Level 2.0 Spellcasting
 - Level 0.7 Conjurations
 - Level 6.1 Ice Magic


You had 2 spell levels left.
You knew the following spells:

 Your Spells              Type           Power        Failure   Level  Hunger
a - Freeze                Ice            ###.         1%          1    #......
b - Throw Frost           Conj/Ice       ##....       9%          2    ###....
c - Ozocubu's Armour      Chrm/Ice       ##......     19%         3    ###....

Your spell library contained the following spells:

 Spells                   Type           Power        Failure   Level  Hunger
 Apportation              Tloc           #.....       22%         1    #......
 Summon Small Mammal      Summ           #...         22%         1    #......
 Animate Skeleton         Necr           N/A          22%         1    #......
 Summon Ice Beast         Ice/Summ       ##......     52%         4    #####..
 Throw Icicle             Conj/Ice       ##......     47%         4    #####..
 Confusing Touch          Hex            #.....       22%         1    #......


Dungeon Overview and Level Annotations

Branches:
Dungeon (3/15)

Altars:


Message History

You feel yourself speed up. The orc hits you with a hand axe.
* * * LOW HITPOINT WARNING * * *
The orc closely misses you.
Casting: Freeze (safe; 1% risk of failure)
Confirm with . or Enter, or press ? or * to list all spells.
Aiming: Freeze (safe; 1% risk of failure)
Press: ? - help, Shift-Dir - straight line, f - orc
Aim: an orc, wielding a hand axe and wearing a ring mail (moderately wounded, poisoned)
You freeze the orc.
You kill the orc!
Casting: Freeze (safe; 1% risk of failure)
Confirm with . or Enter, or press ? or * to list all spells.
Aiming: Freeze (safe; 1% risk of failure)
Press: ? - help, Shift-Dir - straight line, f - gnoll
Aim: a gnoll, wielding a flail You freeze the gnoll.
The gnoll is moderately wounded.
The gnoll hits you with a flail.
You die...

. #. #. #.### ##
.... #. ..#
###.### #.#
......###.###.####
##
#.#..@g...?.....
..
#.#..##)###.####
#. #.#..##.# #.#
#. ######.).....#
#.# #.
..........#### #.#
#. #########.# #.#
#. #.# #.# #. ##.#
#.# ###.
##..######.## #.).


You could see a gnoll.

Vanquished Creatures
  2 orc wizards (D:3)
  An iguana (D:3)
  5 adders
  2 gnolls (D:3)
  2 worms
  3 dart slugs
  A leopard gecko (D:2)
  3 orcs (D:3)
  2 bats (D:2)
  2 giant cockroaches
  14 goblins
  4 hobgoblins
  3 kobolds
  A quokka (D:2)
  A ball python (D:2)
  8 frilled lizards
  2 rats
56 creatures vanquished.

Notes
Turn   | Place    | Note
-------+----------+-------------------------------------------
     0 | D:1      | tilp the Merfolk Ice Elementalist began the quest for the Orb.
     0 | D:1      | Reached XP level 1. HP: 13/13 MP: 3/3
    98 | D:1      | Reached XP level 2. HP: 17/19 MP: 1/5
   102 | D:1      | Learned a level 2 spell: Throw Frost
   179 | D:1      | Reached skill level 4 in Ice Magic
   600 | D:1      | Reached XP level 3. HP: 18/24 MP: 6/6
   615 | D:1      | Learned a level 3 spell: Ozocubu's Armour
   722 | D:2      | Reached skill level 5 in Ice Magic
   814 | D:2      | Reached XP level 4. HP: 11/30 MP: 4/7
  1642 | D:3      | Reached skill level 6 in Ice Magic
  1642 | D:3      | Reached XP level 5. HP: 5/35 MP: 6/8
  1993 | D:3      | Reached skill level 1 in Fighting
  2264 | D:3      | Slain by a gnoll

Vault maps used:
D:1:      matt_arrival_grand_opening
D:3:      tgw_xom, first_ration, uniq_jessica

Skill      XL: |  1  2  3  4  5 |
---------------+----------------+-----
Ice Magic      | 4 5 6 |  6.1
Fighting       | 3 |  3.0
Dodging        | |  2.6
Stealth        | |  2.1
Spellcasting   | |  2.0
Conjurations   | |  0.7

Action                   |  1- 3 |  4- 6 || total
-------------------------+-------+-------++-------
Melee: Dagger            |    63 |    48 ||   111
       Unarmed           |     1 |       ||     1
 Cast: Freeze            |    11 |    15 ||    26
       Ozocubu's Armour  |     2 |     3 ||     5
       Throw Frost       |     1 |       ||     1
  Use: Scroll            |     2 |       ||     2
 Stab: Sleeping          |     3 |     4 ||     7
  Eat: Chunk             |       |     5 ||     5
Armor: Robe              |     8 |    11 ||    19
Dodge: Dodged            |    53 |    30 ||    83

Table legend:
 A = Spawn XP
 B = Non-spawn XP
 C = Spawn XP percentage of total XP
 D = Spawn monster count
 E = Non-spawn monster count
 F = Spawn count percentage of total count
 G = Total turns spent on level
                    A         B        C        D         E        F      G
               +---------+---------+-------+---------+---------+-------+---------
         Total |       0 |     306 |   0.0 |       0 |      56 |   0.0 |  2264
               +---------+---------+-------+---------+---------+-------+---------
           D:1 |       0 |      38 |   0.0 |       0 |      21 |   0.0 |   630
           D:2 |       0 |      87 |   0.0 |       0 |      21 |   0.0 |   873
           D:3 |       0 |     181 |   0.0 |       0 |      14 |   0.0 |   761
               +---------+---------+-------+---------+---------+-------+---------
